 Dungeon Crawl Stone Soup version 0.28.0-43-g3370ac3207 (webtiles) character file.

Game seed: 4710367299433502574

511 jimonade the Twirler (level 7, 0/56 HPs)
             Began as a Gnoll Wanderer on Mar 19, 2022.
             Succumbed to a scorpion's poison
             ... on level 4 of the Dungeon on Mar 20, 2022.
             The game lasted 00:14:25 (4923 turns).

jimonade the Twirler (Gnoll Wanderer)               Turns: 4923, Time: 00:14:26

Health: 0/56       AC:  9    Str:  9    XL:     7   Next: 19%
Magic:  12/12      EV:  8    Int: 15    God:
Gold:   18         SH:  4    Dex: 12    Spells: 12/13 levels left

rFire   . . .      SeeInvis +   A - +6 mace "Arbiter" {vorpal, SInv}
rCold   . . .      Faith    .   C - +0 buckler
rNeg    . . .      Spirit   .   w - +0 scale mail
rPois   .          Reflect  .   b - +0 helmet
rElec   .          Harm     .   m - scarf {repulsion}
rCorr   .          Rampage  .   u - +0 pair of gloves
Will    .....                   (no boots)
Stlth   +.........              (no amulet)
HPRegen 0.18/turn               (no ring)
MPRegen 0.13/turn               (no ring)

@: lethally poisoned (0 -> -10), repel missiles
A: fangs 1, strong nose, distributed training
a: no special abilities


You were on level 4 of the Dungeon.
You visited 1 branch of the dungeon, and saw 4 of its levels.

You collected 72 gold pieces.
You spent 54 gold pieces at shops.

Inventory:

Hand Weapons
 a - a +2 quarterstaff
 e - a +0 dagger of draining
 f - a +0 hunting sling
 v - a +1 vampiric dagger
 A - the +6 mace "Arbiter" (weapon) {vorpal, SInv}
   (You found it on level 4 of the Dungeon)

   It inflicts extra damage upon your enemies.
   SInv:      It lets you see invisible.
Missiles
 h - 68 stones
 q - 4 javelins
 s - 69 arrows
Armour
 b - a +0 helmet (worn)
 c - a +0 robe
 m - a scarf of repulsion (worn)
 p - a +0 ring mail
 t - a +0 leather armour
 u - a +0 pair of gloves (worn)
 w - a +0 scale mail (worn)
 C - a +0 buckler (worn)
Wands
 x - a wand of mindburst (14)
Scrolls
 d - a scroll of fog
 i - 2 scrolls of teleportation {unknown}
 k - a scroll of immolation {unknown}
 l - a scroll of enchant weapon {unknown}
 n - a scroll of blinking {unknown}
 o - a scroll of identify {unknown}
 r - a scroll of summoning {unknown}
 y - a scroll of fear {unknown}
 D - a scroll of noise {unknown}
 E - a scroll of torment {unknown}
Potions
 g - 3 potions of curing {unknown}
 j - 2 potions of brilliance {unknown}
 z - a potion of might {unknown}
 B - a potion of lignification {unknown}


   Skills:
 + Level 5.1 Fighting
 + Level 2.3 Short Blades
 + Level 2.3 Long Blades
 + Level 2.3 Axes
 + Level 2.3 Maces & Flails
 + Level 2.3 Polearms
 + Level 7.0 Staves
 + Level 2.3 Slings
 + Level 2.3 Bows
 + Level 2.3 Crossbows
 + Level 2.3 Throwing
 + Level 3.5 Armour
 + Level 3.5 Dodging
 + Level 2.3 Stealth
 + Level 2.3 Shields
 + Level 2.3 Unarmed Combat
 + Level 3.7 Spellcasting
 + Level 1.9 Conjurations
 + Level 1.9 Hexes
 + Level 1.9 Summonings
 + Level 1.9 Necromancy
 + Level 1.9 Translocations
 + Level 1.9 Transmutations
 + Level 2.9 Fire Magic
 + Level 1.9 Ice Magic
 + Level 1.9 Air Magic
 + Level 1.9 Earth Magic
 + Level 1.9 Poison Magic
 + Level 3.7 Invocations
 + Level 2.3 Evocations


You had 12 spell levels left.
You knew the following spells:

 Your Spells              Type           Power      Damage    Failure   Level
a - Foxfire               Conj/Fire      40%        2x1d6     54%         1

Your spell library contained the following spells:

 Spells                   Type           Power      Damage    Failure   Level
 Conjure Flame            Conj/Fire      10%        6-21      89%         3


Dungeon Overview and Level Annotations

Branches:
Dungeon (4/15)
 Temple: D:4-7

Altars:

Shops:
D:2 [   D:3 [


Innate Abilities, Weirdness & Mutations

You have very sharp teeth.
Your uncanny sense of smell can sniff out nearby items.
Your experience applies equally to all skills.


Message History

The scorpion is severely wounded.
You feel sick. The scorpion stings you.
You are more poisoned.
The scorpion poisons you!
The hobgoblin hits you but does no damage.
You hit the scorpion. Your bite misses the scorpion.
The scorpion is almost dead.
You feel very sick. You block the scorpion's attack.
The hobgoblin hits you but does no damage.
The scorpion stings you but does no damage.
The hobgoblin hits you.
You barely miss the scorpion.
The scorpion is almost dead.
You feel very sick. The scorpion barely misses you.
The hobgoblin barely misses you.
You closely miss the scorpion.
The scorpion is almost dead.
You feel sick. The scorpion stings you.
* * * LOW HITPOINT WARNING * * *
You are lethally poisoned!
The scorpion poisons you!
The hobgoblin hits you but does no damage.
The scorpion stings you.
* * * LOW HITPOINT WARNING * * *
You thump the scorpion!
You kill the scorpion!
* * * LOW HITPOINT WARNING * * *
You feel very sick. The hobgoblin closely misses you. The hobgoblin hits you.
* * * LOW HITPOINT WARNING * * *
Your Staves skill increases to level 7!
You hit the hobgoblin.
The hobgoblin is almost dead.
* * * LOW HITPOINT WARNING * * *
You feel very sick.
The hobgoblin hits you but does no damage.
You hit the hobgoblin but do no damage. Your bite misses the hobgoblin.
The hobgoblin is almost dead.
You die...

# ....... #.#....#
#......# #.# ... #.#
... ##'## ... ##...##
... #.##.....## #.#
...#..@g...## #..#
###..†......####...##
...'.........')......#
.###.........####.....#
##.......## #....#
##.....## ......
##...## ..... ##'##
....( #.# ..##


You could see a hobgoblin.

Vanquished Creatures
  An ogre (D:4)
  2 phantoms (D:4)
  A scorpion (D:4)
  A jelly (D:4)
  A hound (D:4)
  An orc priest (D:3)
  2 orc wizards (D:4)
  An adder (D:3)
  A dart slug (D:1)
  5 orcs
  4 endoplasms
  2 giant cockroaches
  6 goblins
  4 hobgoblins
  10 kobolds
  A quokka (D:1)
  3 ball pythons
  3 bats
  2 frilled lizards
  5 rats (D:1)
56 creatures vanquished.

Vanquished Creatures (others)
  51 foxfires
51 creatures vanquished.

Grand Total: 107 creatures vanquished

Notes
Turn   | Place    | Note
-------+----------+-------------------------------------------
     0 | D:1      | jimonade the Gnoll Wanderer began the quest for the Orb.
     0 | D:1      | jimonade set off with the following items: a +2
                  | quarterstaff, a +0 helmet, a +0 robe; and the following
                  | spell memorised: Foxfire; and the following spells
                  | available to memorise: Conjure Flame
     0 | D:1      | Reached XP level 1. HP: 20/20 MP: 4/4
    29 | D:1      | Found a faded altar of an unknown god.
   143 | D:1      | Reached XP level 2. HP: 21/26 MP: 3/5
   484 | D:1      | Reached XP level 3. HP: 29/31 MP: 0/7
  1784 | D:2      | Found Neni's Armour Shop.
  2882 | D:3      | Reached skill level 1 in Short Blades
  2882 | D:3      | Reached skill level 1 in Long Blades
  2882 | D:3      | Reached skill level 1 in Axes
  2882 | D:3      | Reached skill level 1 in Maces & Flails
  2882 | D:3      | Reached skill level 1 in Polearms
  2882 | D:3      | Reached skill level 1 in Slings
  2882 | D:3      | Reached skill level 1 in Bows
  2882 | D:3      | Reached skill level 1 in Crossbows
  2882 | D:3      | Reached skill level 1 in Throwing
  2882 | D:3      | Reached skill level 1 in Stealth
  2882 | D:3      | Reached skill level 1 in Shields
  2882 | D:3      | Reached skill level 1 in Unarmed Combat
  2882 | D:3      | Reached skill level 1 in Evocations
  2882 | D:3      | Reached XP level 4. HP: 22/38 MP: 8/8
  3317 | D:3      | Found Luavowno's Armour Emporium.
  3319 | D:3      | Noticed a steam dragon
  3971 | D:4      | Noticed a phantom
  4029 | D:4      | Reached skill level 1 in Conjurations
  4029 | D:4      | Reached skill level 1 in Hexes
  4029 | D:4      | Reached skill level 1 in Summonings
  4029 | D:4      | Reached skill level 1 in Necromancy
  4029 | D:4      | Reached skill level 1 in Translocations
  4029 | D:4      | Reached skill level 1 in Transmutations
  4029 | D:4      | Reached skill level 1 in Ice Magic
  4029 | D:4      | Reached skill level 1 in Air Magic
  4029 | D:4      | Reached skill level 1 in Earth Magic
  4029 | D:4      | Reached skill level 1 in Poison Magic
  4035 | D:4      | Reached XP level 5. HP: 38/43 MP: 9/9
  4083 | D:4      | Noticed an ogre
  4167 | D:4      | Killed a phantom
  4335 | D:4      | Noticed a phantom
  4362 | D:4      | Killed a phantom
  4363 | D:4      | Reached XP level 6. HP: 48/50 MP: 9/11
  4404 | D:4      | Reached skill level 5 in Fighting
  4449 | D:4      | Identified the +6 mace "Arbiter" {vorpal, SInv}
  4512 | D:3      | Bought a +0 buckler for 54 gold pieces
  4754 | D:4      | Reached XP level 7. HP: 27/56 MP: 12/12
  4922 | D:4      | Reached skill level 7 in Staves
  4923 | D:4      | Succumbed to a scorpion's poison

Illustrated notes

Levels and vault maps discovered:
D:1:      dpeg_arrival_shelter, layout_basic, hellmonk_ecumenical_altar_run_dry,
          minmay_heptomino_l4
D:2:      layout_basic, serial_shops, nicolae_shop_stone, chequers_avenue
D:3:      layout_basic, serial_shops, nicolae_square_shop
D:4:      layout_loops_corners, st_stairs_1, uniq_blork_the_orc

Skill      XL: |  1  2  3  4  5  6  7 |
---------------+----------------------+-----
Fire Magic     | 2 |  2.9
Short Blades   | 1 2 |  2.3
Long Blades    | 1 2 |  2.3
Axes           | 1 2 |  2.3
Maces & Flails | 1 2 |  2.3
Polearms       | 1 2 |  2.3
Slings         | 1 2 |  2.3
Bows           | 1 2 |  2.3
Crossbows      | 1 2 |  2.3
Throwing       | 1 2 |  2.3
Stealth        | 1 2 |  2.3
Shields        | 1 2 |  2.3
Unarmed Combat | 1 2 |  2.3
Spellcasting   | 3 |  3.7
Evocations     | 1 2 |  2.3
Conjurations   | 1 |  1.9
Hexes          | 1 |  1.9
Summonings     | 1 |  1.9
Necromancy     | 1 |  1.9
Translocations | 1 |  1.9
Transmutations | 1 |  1.9
Ice Magic      | 1 |  1.9
Air Magic      | 1 |  1.9
Earth Magic    | 1 |  1.9
Poison Magic   | 1 |  1.9
Invocations    | 3 |  3.7
Armour         | 3 |  3.5
Dodging        | 3 |  3.5
Fighting       | 5 |  5.1
Staves         | 7 |  7.0

Action                   |  1- 3 |  4- 6 |  7- 9 || total
-------------------------+-------+-------+-------++-------
Melee: Quarterstaff      |    57 |    61 |       ||   118
       Bite              |     2 |     7 |     1 ||    10
       Mace              |       |    20 |    13 ||    33
 Cast: Foxfire           |    31 |       |       ||    31
  Use: Scroll            |       |     1 |       ||     1
 Stab: Sleeping          |     3 |       |       ||     3
Armor: Robe              |     8 |       |       ||     8
       Scale mail        |     1 |    36 |    11 ||    48
Dodge: Dodged            |    29 |    46 |     8 ||    83
       Repelled          |       |       |     1 ||     1
Block: Buckler           |       |    10 |     5 ||    15
